 Dungeon Crawl Stone Soup version 0.21.0-3-g78d12a8bdd (webtiles) character file.

7618 Gargoyl the Cleaver (level 10, -6/86 HPs)
             Began as a Centaur Abyssal Knight on Jan 12, 2018.
             Was a High Priest of Lugonu.
             Mangled by a yak (8 damage)
             ... on level 1 of the Lair of Beasts.
             The game lasted 00:29:41 (13465 turns).

Gargoyl the Cleaver (Centaur Abyssal Knight)       Turns: 13465, Time: 00:29:43

Health: -6/86      AC: 13    Str: 16    XL:     10   Next: 98%
Magic:  12/12      EV: 11    Int: 11    God:    Lugonu [*****.]
Gold:   329        SH: 11    Dex: 11    Spells: 9/9 levels left

rFire    + + .     SeeInvis .   a - +4 hand axe
rCold    . . .     Gourm    .   o - +0 shield
rNeg     . . .     Faith    .   g - +3 scale mail {rF+}
rPois    .         Spirit   .   k - +0 helmet
rElec    .         Reflect  +   (no cloak)
rCorr    .         Harm     .   D - +0 pair of gloves
MR       .....                  (no barding)
Stlth    ..........             f - +2 amulet of reflection
HPRegen  0.24/turn              z - ring of protection from fire
MPRegen  0.13/turn              d - +4 ring of evasion

@: very quick
A: large, hooves 3, deformed body, speed 2, tough skin 3
a: Depart the Abyss, Bend Space, Banish, Corrupt, Enter the Abyss, Renounce
Religion


You were on level 1 of the Lair of Beasts.
You worshipped Lugonu.
Lugonu was extremely pleased with you.
You were not hungry.

You visited 2 branches of the dungeon, and saw 11 of its levels.
You visited the Abyss 1 time.
You also visited: Bailey.

You collected 539 gold pieces.
You spent 210 gold pieces at shops.

Inventory:

Hand Weapons
 a - a +4 hand axe (weapon)
Missiles
 n - 2 tomahawks (quivered)
Armour
 g - a +3 scale mail of fire resistance (worn)
 k - a +0 helmet (worn)
 o - a +0 shield (worn)
 D - a +0 pair of gloves (worn)
Jewellery
 d - a +4 ring of evasion (right hand)
 f - a +2 amulet of reflection (around neck)
 j - an uncursed ring of protection from cold
 v - an uncursed ring of see invisible
 z - a ring of protection from fire (left hand)
Wands
 l - a wand of scattershot (2)
 x - a wand of disintegration (21)
 G - a wand of iceblast (6)
Scrolls
 h - 4 scrolls of remove curse
 m - 3 scrolls of amnesia
 q - a scroll of fear
 s - 2 scrolls of teleportation
 w - 2 scrolls of identify
Potions
 e - 4 potions of curing
 i - 4 potions of brilliance
 r - a potion of magic
 t - a potion of might
 u - 5 potions of lignification
 B - a potion of agility
 C - a potion of resistance
 F - a potion of flight
Books
 b - a book of Necromancy

   Spells                             Type                      Level
   a - Pain                           Necromancy                   1
   b - Animate Skeleton               Necromancy                   1
   c - Vampiric Draining              Necromancy                   3
   d - Regeneration                   Charms/Necromancy            3
   e - Animate Dead                   Necromancy                   4
   f - Borgnjor's Vile Clutch         Necromancy/Earth             5
 y - a book of Changes

   Spells                             Type                      Level
   a - Beastly Appendage              Transmutation                1
   b - Sticks to Snakes               Transmutation                2
   c - Spider Form                    Transmutation/Poison         3
   d - Ice Form                       Ice/Transmutation            4
   e - Blade Hands                    Transmutation                5
 E - a book of Cantrips

   Spells                             Type                      Level
   a - Confusing Touch                Hexes                        1
   b - Animate Skeleton               Necromancy                   1
   c - Summon Small Mammal            Summoning                    1
   d - Apportation                    Translocation                1
Comestibles
 c - 12 rations


   Skills:
 + Level 7.3 Fighting
 + Level 8.6 Axes
 + Level 1.0 Throwing
 + Level 6.4 Armour
 + Level 4.2 Dodging
 + Level 1.1 Stealth
 + Level 5.1 Shields
 + Level 3.3 Invocations
 + Level 0.8 Evocations


You had 9 spell levels left.
You didn't know any spells.

Dungeon Overview and Level Annotations

Branches:
Dungeon (10/15)            Temple (0/1) D:4            Lair (1/6) D:10
    Orc (0/2) D:10

Altars:
Ashenzari
Cheibriados
Kikubaaqudgha
Trog
Uskayaw
Wu Jian
Yredelemnul

Shops:
D:6 ([=:(

Annotations:
D:5 denis1488's ghost, novice OpTm


Innate Abilities, Weirdness & Mutations

You have hooves in place of feet.
Armour fits poorly on your strangely shaped body.
You cover ground very quickly.
You have extremely tough skin. (AC +3)


Message History

You closely miss the yak. You hit the yak. x2
Your shield and scale mail prevent you from hitting the yak.
The yak barely misses you.
The yak gores you. x2; The yak gores you!
* * * LOW HITPOINT WARNING * * *
You hit the yak.
The yak is lightly wounded.
You hit the yak. x2; You hit the yak but do no damage.
You hit the yak. The yak gores you!
* * * LOW HITPOINT WARNING * * *
The yak gores you.
* * * LOW HITPOINT WARNING * * *
The yak barely misses you. x3
Unknown command.
You feel better. You block the yak's attack. The yak barely misses you.
The yak gores you.
* * * LOW HITPOINT WARNING * * *
The yak gores you.
* * * LOW HITPOINT WARNING * * *
The yak gores you!
You die...

..... #...# #....##
#...# ##..... #...###
##.....# #......
.......# #...... ##
#...[# ###...### ..#..
#..(######.#...#
......#Y(........>...##
......Y@....)####P##.P#
......YYY....# ###..##
..#..........# ##.#
#..##......# #.##
............# ##..#
.............# #P.##
..# ####...%.#.####...#
.. ##...>........###
#......#.#.#....


You could see 5 yaks.

Vanquished Creatures
  Pikel (D:4)
  A troll (D:8)
  Grinder (D:4)
  Prince Ribbit (Lair:1)
  A hippogriff (Lair:1)
  2 blink frogs (Lair:1)
  Sigmund (D:2)
  A wraith (D:10)
  4 yaks (Lair:1)
  The ghost of Yermak the Grave Robber, an amateur NaNe (D:3)
  Eustachio (D:4)
  Menkaure (D:7)
  Edmund (D:4)
  Duvessa (D:5)
  2 porcupines
  A water moccasin (D:9)
  A necrophage (D:9)
  2 black bears (D:10)
  A phantom (D:6)
  An eye of draining (D:8)
  2 sky beasts
  2 orc warriors
  7 ogres
  2 centaurs
  Blork the orc (D:5)
  A big kobold (D:9)
  7 bullfrogs
  A gnoll sergeant (D:9)
  Dowan (D:5)
  3 scorpions
  7 killer bees
  A howler monkey (D:6)
  2 crimson imps
  A bullfrog zombie (D:7)
  A centaur zombie (D:8)
  8 hounds
  2 jellies
  2 orc priests
  4 centaur skeletons
  8 worker ants
  Ijyb (D:5)
  2 iguanas
  4 orc wizards
  A hound zombie (D:6)
  A hound skeleton (D:9)
  A howler monkey zombie (D:7)
  Robin (D:4)
  9 gnolls
  14 adders
  3 shadow imps
  2 oozes
  An adder zombie (D:8)
  3 adder skeletons
  4 dart slugs
  3 worms
  2 leopard geckos
  20 orcs
  3 giant cockroaches
  14 hobgoblins
  6 jackals
  4 quokkas
  A ball python (D:1)
  9 bats
  2 frilled lizards (D:2)
  17 goblins
  14 kobolds
  2 leopard gecko skeletons
  A quokka skeleton (D:7)
  4 rats
238 creatures vanquished.

Vanquished Creatures (others)
  2 orc warriors
  2 slaves (D:5)
  A fungus (Lair:1)
5 creatures vanquished.

Grand Total: 243 creatures vanquished

Notes
Turn   | Place    | Note
-------+----------+-------------------------------------------
     0 | Abyss:1  | Gargoyl the Centaur Abyssal Knight began the quest for the Orb.
     0 | Abyss:1  | Reached XP level 1. HP: 19/19 MP: 2/2
    31 | Abyss:1  | Noticed a sun demon
   162 | Abyss:1  | Noticed a bone dragon
   173 | Abyss:1  | Noticed a green very ugly thing
   232 | Abyss:1  | Noticed a wretched star
   244 | Abyss:1  | Noticed a tentacled starspawn
   245 | D:1      | Escaped the Abyss
   637 | D:1      | Reached XP level 2. HP: 14/20 MP: 3/3
   789 | D:1      | Reached skill level 2 in Axes
   918 | D:1      | Reached * piety under Lugonu
  1202 | D:2      | Reached XP level 3. HP: 18/24 MP: 4/4
  1348 | D:2      | Noticed Sigmund
  1551 | D:2      | Reached skill level 1 in Dodging
  1851 | D:1      | Reached XP level 4. HP: 7/31 MP: 5/5
  2801 | D:2      | Killed Sigmund
  2801 | D:2      | Reached skill level 3 in Axes
  2801 | D:2      | Reached XP level 5. HP: 9/36 MP: 6/6
  3238 | D:3      | Reached ** piety under Lugonu
  3262 | D:3      | Reached XP level 6. HP: 35/41 MP: 7/7
  3654 | D:3      | Noticed Yermak's ghost (amateur NaNe)
  3860 | D:3      | Killed Yermak's ghost
  3860 | D:3      | Reached skill level 4 in Axes
  4364 | D:4      | Noticed Edmund
  4677 | D:4      | Killed Edmund
  4677 | D:4      | Reached XP level 7. HP: 23/54 MP: 8/8
  4901 | D:4      | Reached skill level 5 in Fighting
  5026 | D:4      | Noticed Robin
  5030 | D:4      | Killed Robin
  5170 | D:4      | Found a staircase to the Ecumenical Temple.
  5239 | D:4      | Noticed Grinder
  5249 | D:4      | Paralysed by Grinder for 2 turns
  5255 | D:4      | Paralysed by Grinder for 7 turns
  5277 | D:4      | Paralysed by Grinder for 3 turns
  5289 | D:4      | Paralysed by Grinder for 2 turns
  5292 | D:4      | Killed Grinder
  5292 | D:4      | Reached skill level 5 in Axes
  5540 | D:5      | Entered Level 5 of the Dungeon
  5739 | D:5      | Noticed Ijyb
  5749 | D:5      | Killed Ijyb
  5838 | D:5      | Noticed denis1488's ghost (novice OpTm)
  5840 | D:5      | Noticed Eustachio
  6024 | D:4      | Reached XP level 8. HP: 62/68 MP: 9/9
  6363 | D:4      | Killed Eustachio
  6363 | D:4      | Reached *** piety under Lugonu
  6363 | D:4      | Reached skill level 1 in Shields
  6435 | D:5      | Noticed Duvessa
  6436 | D:5      | Noticed Dowan
  6467 | D:5      | Killed Duvessa
  6478 | D:5      | Killed Dowan
  6488 | D:5      | Noticed Blork the orc
  6503 | D:5      | Killed Blork the orc
  6840 | D:5      | Noticed Pikel
  6959 | D:4      | Killed Pikel
  6959 | D:4      | Reached skill level 6 in Axes
  7726 | D:6      | Reached XP level 9. HP: 75/75 MP: 10/10
  7791 | D:6      | Found Esmi's Weapon Shoppe.
  7858 | D:6      | Reached skill level 5 in Armour
  8411 | D:6      | Found Hala's Book Shoppe.
  8426 | D:6      | Reached skill level 1 in Stealth
  8495 | D:6      | Found Zatah's Jewellery Shop.
  8514 | D:6      | Bought an uncursed ring of see invisible for 210 gold pieces
  8557 | D:6      | Found Qotrak's Antique Armour Shoppe.
  8751 | D:6      | Found Kapp's Weapon Shoppe.
  8793 | D:7      | Noticed Menkaure
  8976 | D:7      | Killed Menkaure
  9178 | D:7      | Found a flagged portal.
  9187 | Bailey   | Entered a bailey
  9438 | D:7      | Reached skill level 7 in Axes
  9957 | D:8      | Reached **** piety under Lugonu
 10429 | D:8      | Reached XP level 10. HP: 72/84 MP: 12/12
 11411 | D:9      | Found a basalt altar of Yredelemnul.
 11956 | D:9      | Found an ancient bone altar of Kikubaaqudgha.
 11961 | D:9      | Found a hide-covered altar of Uskayaw.
 11962 | D:9      | Found a shattered altar of Ashenzari.
 11962 | D:9      | Found a bloodstained altar of Trog.
 11966 | D:9      | Found a snail-covered altar of Cheibriados.
 11967 | D:9      | Found an ornate altar of the Wu Jian Council.
 11987 | D:9      | Reached ***** piety under Lugonu
 12417 | D:10     | Entered Level 10 of the Dungeon
 12423 | D:10     | Found a staircase to the Orcish Mines.
 12556 | D:10     | Reached skill level 8 in Axes
 12797 | D:10     | Found a staircase to the Lair.
 12846 | Lair:1   | Entered Level 1 of the Lair of Beasts
 12867 | Lair:1   | Reached skill level 5 in Shields
 13164 | Lair:1   | Noticed Prince Ribbit
 13199 | Lair:1   | Killed Prince Ribbit
 13463 | Lair:1   | Reached skill level 1 in Throwing
 13464 | Lair:1   | HP: 2/86 [yak (5)]
 13465 | Lair:1   | Mangled by a yak

Skill      XL: |  1  2  3  4  5  6  7  8  9 10 |
---------------+-------------------------------+-----
Axes           | 2 3 4 5 6 7 8 |  8.6
Dodging        | 1 2 3 4 |  4.2
Fighting       | 4 5 6 7 |  7.3
Armour         | 2 3 4 5 6 |  6.4
Shields        | 2 3 5 |  5.1
Invocations    | 3 |  3.3
Stealth        | 1 |  1.1
Throwing       | 1 |  1.0
Evocations     | |  0.8

Action                   |  1- 3 |  4- 6 |  7- 9 | 10-12 || total
-------------------------+-------+-------+-------+-------++-------
Melee: Hand axe          |   104 |   169 |   505 |   350 ||  1128
       Kick              |    17 |    33 |   115 |    80 ||   245
Throw: Tomahawk          |       |       |       |    16 ||    16
Invok: Depart the Abyss  |     1 |       |       |       ||     1
       Banish            |       |       |     1 |       ||     1
Evoke: Wand              |       |       |     3 |       ||     3
  Use: Scroll            |     2 |     4 |     4 |     9 ||    19
       Potion            |     1 |     2 |     6 |     1 ||    10
  Eat: Chunk             |     2 |     8 |    14 |     9 ||    33
       Ration            |       |       |     1 |       ||     1
Armor: Leather armour    |    85 |    23 |       |       ||   108
       Scale mail        |       |    21 |   158 |   160 ||   339
Dodge: Dodged            |   100 |    70 |   130 |   161 ||   461
Block: Other             |    11 |     9 |       |       ||    20
       Shield            |       |    15 |   218 |   232 ||   465
       Reflection        |       |       |     7 |     7 ||    14
